 Dungeon Crawl Stone Soup version 0.26-a0-771-g060e6a62af (webtiles) character file.

Game seed: 8827728372982431151

48 ANON1729 the Chopper (level 3, -1/33 HPs)
             Began as a Hill Orc Chaos Knight on Nov 8, 2020.
             Was a Plaything of Xom.
             Slain by a quasit (2 damage)
             ... summoned by Xom
             ... while paralysed
             ... on level 3 of the Dungeon.
             The game lasted 00:01:16 (2175 turns).

ANON1729 the Chopper (Hill Orc Chaos Knight)        Turns: 2175, Time: 00:01:16

Health: -1/33      AC:  5    Str: 10 (11) XL:     3   Next: 72%
Magic:  3/3        EV:  2    Int: 10      God:    Xom [......]
Gold:   163        SH:  0    Dex:  0 (10) Spells: 2/2 levels left

rFire    . . .     SeeInvis .   a - +0 hand axe (chaos)
rCold    . . .     Faith    +   (no shield)
rNeg     . . .     Spirit   .   b - +2 leather armour
rPois    .         Reflect  .   (no helmet)
rElec    .         Harm     .   (no cloak)
rCorr    .         Rampage  .   (no gloves)
MR       +....                  (no boots)
Stlth    ..........             f - amulet of faith
HPRegen  0.11/turn              h - ring of protection from magic
MPRegen  0.08/turn              (no ring)

@: paralysed, slowed, lost dexterity
A: deterioration 1, dopey 1, weak 2
a: Renounce Religion


You were on level 3 of the Dungeon.
You worshipped Xom.
You were a very special plaything of Xom.
You visited 1 branch of the dungeon, and saw 3 of its levels.

You collected 163 gold pieces.

Inventory:

Hand Weapons
 a - a +0 hand axe of chaos (weapon)
Armour
 b - a +2 leather armour (worn)
Jewellery
 f - an amulet of faith (around neck)
 h - a ring of protection from magic (left hand)
 n - an uncursed ring of resist corrosion
 o - an uncursed ring of wizardry {unknown}
Scrolls
 c - 2 scrolls of blinking {unknown}
 d - 4 scrolls of teleportation {unknown}
 e - a scroll of magic mapping {unknown}
 j - a scroll of enchant armour {unknown}
 k - a scroll of fog {unknown}
 l - a scroll of remove curse {unknown}
 m - 4 scrolls of identify {unknown}
 q - a scroll of enchant weapon {unknown}
Potions
 g - 3 potions of curing {unknown}
 i - 3 potions of might {unknown}
 p - a potion of invisibility {unknown}


   Skills:
 + Level 4.1 Fighting
 * Level 4.6 Axes
 * Level 2.9 Armour
 + Level 1.4 Dodging


You had 2 spell levels left.
You didn't know any spells.
Your spell library was empty.

Dungeon Overview and Level Annotations

Branches:
Dungeon (3/15)

Altars:
Sif Muna

Annotations:
D:3 1 runed translucent door, Crazy Yiuf


Innate Abilities, Weirdness & Mutations

Your body sometimes deteriorates upon taking damage.
You are dopey. (Int -2)
You are very weak. (Str -4)


Message History

You closely miss the quasit.
The quasit is heavily wounded.
The quasit bites you.
* * * LOW HITPOINT WARNING * * *
The quasit barely misses you. The quasit closely misses you.
The quasit bites you.
* * * LOW HITPOINT WARNING * * *
You feel clumsy. The quasit claws you.
* * * LOW HITPOINT WARNING * * *
You feel clumsy. The quasit barely misses you.
You hit the quasit.
The quasit is severely wounded.
The quasit bites you.
* * * LOW HITPOINT WARNING * * *
You feel clumsy.
You have lost your dexterity.
The quasit claws you but does no damage. x2
The quasit bites you.
You die...

P....####.# ###.###
.#......).# #.#
###..(..>.# #.#
######.## #.# #.# #.#
#.############ #.#
#............# #.#####
#.##########.###.....#
##### #.#
#.@55).....##.# ....#
#.# #.###.####.# ###.#
#.# #. #.# #.# #.# #.#
#. #.# #$# #.# #.# #.
#.# #.# ##.## #.# #.
#.# #...# ##..<###.#
#. #.# ##....
.........# #. ###
#..### ##...###.# #.##


You could see 2 quasits.

Vanquished Creatures
  An adder (D:3)
  2 oozes (D:3)
  A dart slug (D:1)
  A leopard gecko (D:3)
  2 bats
  A giant cockroach (D:1)
  3 goblins (D:3)
  6 hobgoblins
  3 kobolds
  A quokka (D:3)
  A frilled lizard (D:1)
  3 rats
25 creatures vanquished.

Notes
Turn   | Place    | Note
-------+----------+-------------------------------------------
     0 | D:1      | ANON1729 the Hill Orc Chaos Knight began the quest for the
                  | Orb.
     0 | D:1      | Reached XP level 1. HP: 19/19 MP: 1/1
   199 | D:1      | Reached skill level 1 in Dodging
   234 | D:1      | Reached XP level 2. HP: 25/27 MP: 2/2
   274 | D:1      | XOM: potion effect (berserk rage)
   562 | D:2      | XOM: silly message
   801 | D:2      | XOM: noise
   826 | D:2      | Found a shimmering blue altar of Sif Muna.
   953 | D:3      | Found a runed translucent door.
   954 | D:3      | Noticed Crazy Yiuf
  1122 | D:3      | Reached XP level 3. HP: 33/33 MP: 3/3
  1154 | D:3      | XOM: 3-stop teleportation journey
  1335 | D:3      | XOM: give mutations
  1335 | D:3      | Gained mutation: You are weak. (Str -2) [Xom's mischief]
  1335 | D:3      | Gained mutation: You are very weak. (Str -4) [Xom's
                  | mischief]
  1335 | D:3      | Gained mutation: Your body sometimes deteriorates upon
                  | taking damage. [Xom's mischief]
  1335 | D:3      | Gained mutation: You are dopey. (Int -2) [Xom's mischief]
  1838 | D:3      | XOM: summons 2 hostile demons
  2154 | D:3      | XOM: summons 2 hostile demons
  2174 | D:3      | HP: 1/33 [quasit[Xom] (2)]
  2174 | D:3      | Lost dexterity.
  2175 | D:3      | Slain by a quasit

Illustrated notes

Levels and vault maps discovered:
D:1:      saegor_arrival_simple_a, layout_basic, corexii_leaking_fountain
D:2:      layout_loops_ring, nicolae_overflow_hidden_temple, minivault_4
D:3:      layout_loops_ring, amethyst_overflow_temple_binary,
          gammafunk_temple_overflow_elements, uniq_crazy_yiuf_cottage

Skill      XL: |  1  2 |
---------------+-------+-----
Dodging        | 1 |  1.4
Fighting       | 4 |  4.1
Axes           | |  4.6
Armour         | |  2.9

Action                   || total
-------------------------++-------
Melee: Hand axe          ||   116
Armor: Leather armour    ||    52
Dodge: Dodged            ||    95

Table legend: (Time is in decaauts)
 A = Elapsed time spent in this place.
 B = Non-inter-level travel time spent in this place.
 C = Inter-level travel time spent in this place.
 D = Time resting spent in this place.
 E = Time spent auto-exploring this place.
 F = Levels seen in this place.
 G = Mean time per level.
                   A        B        C        D        E       F      G
               +--------+--------+--------+--------+--------+-----+--------+
         Total |   2194 |   2154 |     40 |     82 |   1826 |   3 |  731.3 |
       Dungeon |   2194 |   2154 |     40 |     82 |   1826 |   3 |  731.3 |
               +--------+--------+--------+--------+--------+-----+--------+

Top non-repeatable levels by time:
     D:3: 1272 daAuts
     D:2: 576 daAuts
     D:1: 345 daAuts
